 Dungeon Crawl Stone Soup version 0.23.1 (webtiles) character file.

Game seed: 0

217 Freyura the Sneak (level 5, -4/35 HPs)
             Began as a Vampire Ice Elementalist on Mar 2, 2019.
             Slain by an orc priest
             ... wielding a +0 falchion
              (7 damage)
             ... on level 4 of the Dungeon.
             The game lasted 00:22:39 (3651 turns).

Freyura the Sneak (Vampire Ice Elementalist)        Turns: 3651, Time: 00:22:40

Health: -4/35      AC:  3    Str:  7    XL:     5   Next: 62%
Magic:  7/10       EV: 13    Int: 18    God:
Gold:   144        SH:  0    Dex: 15    Spells: 10/11 levels left

rFire    + . .     SeeInvis +   b - +0 dagger
rCold    + . .     Gourm    .   (no shield)
rNeg     + + +     Faith    .   a - +0 robe
rPois    ∞         Spirit   .   g - +0 helmet
rElec    .         Reflect  .   (no cloak)
rCorr    .         Harm     .   (no gloves)
MR       .....                  (no boots)
Stlth    +++++.....             (no amulet)
HPRegen  0.00/turn              d - ring of fire
MPRegen  0.12/turn              (no ring)

@: bloodless, non-regenerating
A: fangs 3, see invisible, unbreathing
a: Bat Form


You were on level 4 of the Dungeon.
You were bloodless.

You visited 1 branch of the dungeon, and saw 4 of its levels.

You collected 144 gold pieces.

Inventory:

Hand Weapons
 b - a +0 dagger (weapon)
Armour
 a - a +0 robe (worn)
 g - a +0 helmet (worn)
Jewellery
 d - a ring of fire (left hand)
Scrolls
 f - a scroll of noise {unknown}
 h - a scroll of blinking {unknown}
 j - a scroll of enchant weapon {unknown}
 k - a scroll of magic mapping {unknown}
 l - 2 scrolls of fear {unknown}
 m - a scroll of amnesia {unknown}
 o - 3 scrolls of identify {unknown}
Potions
 c - 12 potions of blood
 e - a potion of heal wounds {unknown}
 i - 3 potions of curing {unknown}
 n - a potion of lignification {unknown}


   Skills:
 + Level 3.2 Dodging
 + Level 4.7 Stealth
 * Level 3.5 Spellcasting
   Level 0.6 Conjurations
 * Level 4.3 Ice Magic


You had 10 spell levels left.
You knew the following spells:

 Your Spells              Type           Power        Failure   Level  Hunger
a - Freeze                Ice            ###.         2%          1    None

Your spell library contained the following spells:

 Spells                   Type           Power        Failure   Level  Hunger
 Throw Frost              Conj/Ice       ##....       9%          2    ##.....
 Ozocubu's Armour         Chrm/Ice       ##......     19%         3    ###....
 Throw Icicle             Conj/Ice       ##......     50%         4    ####...
 Summon Ice Beast         Ice/Summ       ##......     54%         4    ####...


Dungeon Overview and Level Annotations

Branches:
Dungeon (4/15)
 Temple: D:4-7

Altars:
Nemelex Xobeh
Ru
Zin


Innate Abilities, Weirdness & Mutations

You do not heal naturally.
You are immune to poison.
You have razor-sharp teeth.
You have supernaturally acute eyesight. (SInv)
You can survive without breathing.


Message History

The orc barely misses you. The orc hits you with a +0 hand axe.
The centaur skeleton hits you. The orc closely misses you.
The centaur skeleton closely misses you.
The orc priest barely misses you. The orc hits you with a +0 club!
The centaur skeleton hits you.
* * * LOW HITPOINT WARNING * * *
The centaur skeleton hits you.
* * * LOW HITPOINT WARNING * * *
The orc closely misses you.
The orc wizard casts a spell.
The orc wizard flickers and vanishes for a moment.
The centaur skeleton closely misses you.
The orc priest closely misses you. The orc closely misses you.
The orc misses you.
The leopard gecko bites you but does no damage.
The centaur skeleton closely misses you.
The orc wizard barely misses you.
The orc priest hits you with a +0 falchion!
You die...

..... ....
...#.# ...# .
#....##...#.#
#...(.#....
#......... .
+.#...!.###...
#...oZo.......
#...o@o$......
#.#.l......###
###..#####
####


You could see an orc priest, an orc wizard (invisible), 2 orcs, a leopard gecko
and a centaur skeleton.

Vanquished Creatures
  An orc priest (D:3)
  A worker ant (D:4)
  7 adders
  An ooze (D:3)
  2 dart slugs (D:1)
  2 leopard geckos
  10 orcs (D:3)
  2 ball pythons
  5 giant cockroaches
  8 goblins
  11 hobgoblins
  2 jackals (D:1)
  8 kobolds
  8 bats
  4 frilled lizards
  5 rats
77 creatures vanquished.

Notes
Turn   | Place    | Note
-------+----------+-------------------------------------------
     0 | D:1      | Freyura the Vampire Ice Elementalist began the quest for
                  | the Orb.
     0 | D:1      | Reached XP level 1. HP: 13/13 MP: 3/3
   264 | D:1      | Reached XP level 2. HP: 19/19 MP: 1/5
   693 | D:1      | Reached XP level 3. HP: 24/24 MP: 6/6
  1056 | D:2      | Found a sacrificial altar of Ru.
  1546 | D:2      | Reached XP level 4. HP: 26/30 MP: 4/8
  1613 | D:2      | You fall through a shaft for 2 floors!
  1766 | D:4      | Found a glowing silver altar of Zin.
  2068 | D:3      | Reached XP level 5. HP: 14/35 MP: 2/9
  3510 | D:3      | Found a sparkling altar of Nemelex Xobeh.
  3651 | D:4      | Slain by an orc priest

Skill      XL: |  1  2  3  4 |
---------------+-------------+-----
Stealth        | 4 |  4.7
Spellcasting   | 3 |  3.5
Ice Magic      | 4 |  4.3
Dodging        | 3 |  3.2
Conjurations   | |  0.6

Action                   |  1- 3 |  4- 6 || total
-------------------------+-------+-------++-------
Melee: Dagger            |    15 |    53 ||    68
       Bite              |       |     5 ||     5
 Cast: Freeze            |    46 |    46 ||    92
 Abil: End Transformatio |       |     1 ||     1
       Bat Form          |       |     1 ||     1
  Use: Potion            |       |     3 ||     3
 Stab: Sleeping          |     7 |    18 ||    25
Armor: Robe              |     6 |     5 ||    11
Dodge: Dodged            |    32 |    63 ||    95
